 Dungeon Crawl Stone Soup version 0.18.1-8-gdd0e5ea (webtiles) character file.

3336 KrisztiCat the Digger (level 10, -18/56 HPs)
             Began as a Gargoyle Earth Elementalist on June 9, 2016.
             Was a Believer of Vehumet.
             Demolished by Gastronok (31 damage)
             ... on level 8 of the Dungeon.
             The game lasted 01:21:21 (8322 turns).

KrisztiCat the Digger (Gargoyle Earth Elementalist) Turns: 8322, Time: 01:21:22

Health: -18/56     AC: 11    Str: 16    XL:     10   Next: 2%
Magic:  1/21       EV: 12    Int: 18    God:    Vehumet [**....]
Gold:   236        SH:  0    Dex: 10    Spells: 3 memorised, 15 levels left

rFire  . . .     SeeInvis .     b - 81 stones
rCold  . . .     Gourm    .     a - +0 robe
rNeg   + . .     Faith    .     (no shield)
rPois  ∞         Spirit   .     (no helmet)
rElec  +         Dismiss  .     (no cloak)
rCorr  .         Reflect  .     k - +1 pair of gloves
SustAt .         Harm     .     (no boots)
MR     .....                    (no amulet)
Stlth  ++........               (no ring)
                                e - +3 ring of strength

@: slowed, very slow, not resistant to hostile enchantments, unstealthy
A: negative energy resistance 1, electricity resistance, unbreathing,
petrification resistance, rot immunity, AC +7
a: Renounce Religion


You were on level 8 of the Dungeon.
You worshipped Vehumet.
Vehumet was pleased with you.
You were not hungry.

You visited 2 branches of the dungeon, and saw 10 of its levels.

You collected 462 gold pieces.
You spent 226 gold pieces at shops.

Inventory:

Hand Weapons
 y - a +2 flail of protection
Missiles
 b - 81 stones (in hand)
Armour
 a - a +0 robe (worn)
 k - a +1 pair of gloves (worn)
Jewellery
 e - a +3 ring of strength (left hand)
Wands
 h - a wand of iceblast (15/15)
 n - a wand of iceblast (6/15)
 B - a wand of flame (29/48)
Scrolls
 g - a scroll of amnesia
 l - a scroll of enchant armour
 m - 5 scrolls of remove curse
 o - 4 scrolls of blinking
 u - 5 scrolls of teleportation
 A - 3 scrolls of identify
Potions
 i - a potion of ambrosia
 p - a potion of invisibility
 q - a potion of brilliance
 s - 3 potions of curing
 t - a potion of heal wounds
 v - a potion of magic
 x - a potion of mutation
 z - a potion of haste
Books
 c - a book of Geomancy

   Spells                             Type                      Level
   a - Sandblast                      Earth                        1
   b - Passwall                       Transmutation/Earth          2
   c - Stone Arrow                    Conjuration/Earth            3
   d - Petrify                        Transmutation/Earth          4
   e - Lee's Rapid Deconstruction     Earth                        5
Comestibles
 d - 12 bread rations
 f - a slice of pizza
 j - 5 chunks of flesh
 r - 3 fruits
 w - 2 meat rations
 C - a beef jerky


   Skills:
 + Level 4.0 Fighting
 + Level 3.7 Maces & Flails
 + Level 3.3 Armour
 + Level 3.3 Dodging
 - Level 2.1 Stealth
 * Level 7.5 Spellcasting
 + Level 5.5 Conjurations
   Level 0.7 Transmutations
 + Level 7.6 Earth Magic
 + Level 3.0 Evocations


You had 15 spell levels left.
You knew the following spells:

 Your Spells              Type           Power        Failure   Level  Hunger
a - Sandblast             Erth           ####..       1%          1    None
b - Stone Arrow           Conj/Erth      ####..       1%          3    #......
c - Lee's Rapid Deconstr  Erth           ####......   14%         5    #####..


Dungeon Overview and Level Annotations

Branches:
Dungeon (9/15)             Temple (1/1) D:4            Lair (0/8) D:8
    Orc: D:9-12

Altars:
Ashenzari
Cheibriados
Dithmenos
Elyvilon
Fedhas
Gozag
Kikubaaqudgha
Makhleb
Nemelex Xobeh
Okawaru
Pakellas
Qazlal
Ru
Sif Muna
Trog
Vehumet
Xom
Yredelemnul
Zin
The Shining One

Shops:
D:5 (

Annotations:
D:8 Gastronok


Innate Abilities, Weirdness & Mutations

You are resistant to torment.
Your stone body is resilient (AC +7).
You are immune to poison.
You resist negative energy.
You are resistant to electric shocks.
You can survive without breathing.
You are immune to petrification.
You are immune to rotting.


Message History

You hit Gastronok but do no damage.
Gastronok is heavily wounded.
Gastronok barely misses you.
You sock Gastronok!
Gastronok is heavily wounded.
Gastronok bites you!!
* * * LOW HITPOINT WARNING * * *
Wield which item (- for none, * to show all)? (? for menu, Esc to quit)
You feel less protected.
b - 82 stones (in hand)
Casting: Sandblast
Confirm with . or Enter, or press ? or * to list all spells.
Aiming: Sandblast
Press: ? - help, Shift-Dir - straight line, f/p - Gastronok
Aim: Gastronok, wearing an embroidered hat (heavily wounded)
The rocky blast hits Gastronok.
Gastronok is heavily wounded.
Gastronok bites you!!
Ouch! That really hurt!
You die...

......#.......#
......#.......#
..#####.......#
..#...........#####
###...........#...#
..............#...#
..............'...#
.........<....##########
................@w.....#
...####................#
...#..'................#
#'##..#................#
..#...........##########
..##.>.######## ..##...#
.......# .......#


You could see Gastronok.

Vanquished Creatures
  A two-headed ogre (D:8)
  A spriggan (D:7)
  Sigmund (D:3)
  A water moccasin (D:6)
  3 orc warriors
  A necrophage (D:7)
  2 ice beasts
  3 ogres
  A black bear (D:8)
  A phantom (D:3)
  2 sky beasts (D:8)
  A crocodile (D:8)
  2 giant frogs
  5 scorpions
  The ghost of Gargoyl the Skirmisher, a weakling DsAK of Lugonu (D:3)
  A howler monkey (D:4)
  2 crimson imps
  A quasit (D:8)
  A centaur skeleton (D:4)
  A giant frog skeleton (D:7)
  A gnoll shaman (D:7)
  3 orc priests
  3 hounds (D:5)
  An iguana (D:3)
  3 jellies
  3 orc wizards
  Ijyb (D:3)
  Terence (D:1)
  Natasha (twice) (D:2)
  3 worker ants
  2 hound zombies (D:5)
  5 gnolls (D:7)
  7 adders
  4 river rats (D:8)
  An adder skeleton (D:5)
  2 adder zombies
  A dart slug (D:2)
  2 giant geckos
  26 orcs
  14 bats
  2 giant cockroaches
  7 goblins
  8 hobgoblins
  4 jackals (D:1)
  5 quokkas
  2 ball pythons
  6 giant newts
  2 kobolds
  A quokka skeleton (D:7)
  15 rats
169 creatures vanquished.

Notes
Turn   | Place    | Note
--------------------------------------------------------------
     0 | D:1      | KrisztiCat the Gargoyle Earth Elementalist began the quest for the Orb.
     0 | D:1      | Reached XP level 1. HP: 10/10 MP: 3/3
   446 | D:1      | Reached XP level 2. HP: 15/15 MP: 1/5
  1221 | D:1      | Reached XP level 3. HP: 18/19 MP: 2/7
  1495 | D:2      | Noticed Natasha
  1500 | D:2      | Killed Natasha
  1500 | D:2      | Reached XP level 4. HP: 17/24 MP: 6/9
  1505 | D:2      | Learned a level 3 spell: Stone Arrow
  1569 | D:2      | Noticed Terence
  1632 | D:1      | Killed Terence
  2172 | D:2      | Reached XP level 5. HP: 28/28 MP: 7/10
  2330 | D:2      | Noticed Natasha
  2339 | D:2      | Killed Natasha
  2407 | D:3      | Noticed Ijyb
  2411 | D:3      | Killed Ijyb
  2411 | D:3      | Reached skill level 1 in Conjurations
  2411 | D:3      | Reached skill level 5 in Earth Magic
  2429 | D:3      | Noticed Gargoyl's ghost (weakling DsAK)
  3128 | D:3      | Killed Gargoyl's ghost
  3128 | D:3      | Reached XP level 6. HP: 7/32 MP: 0/12
  3392 | D:3      | Noticed a phantom
  3406 | D:3      | Killed a phantom
  3559 | D:3      | Found a sacrificial altar of Ru.
  3602 | D:3      | Noticed Sigmund
  3608 | D:3      | Killed Sigmund
  3608 | D:3      | Reached skill level 5 in Spellcasting
  3608 | D:3      | Reached XP level 7. HP: 35/36 MP: 7/15
  3710 | D:3      | Learned a level 5 spell: Lee's Rapid Deconstruction
  3936 | D:4      | Found a staircase to the Ecumenical Temple.
  3958 | Temple   | Entered the Ecumenical Temple
  3997 | Temple   | Became a worshipper of Vehumet
  4073 | D:5      | Entered Level 5 of the Dungeon
  4620 | D:4      | Reached skill level 1 in Evocations
  4620 | D:4      | Reached XP level 8. HP: 39/42 MP: 3/17
  4658 | D:4      | Reached skill level 1 in Maces & Flails
  4940 | D:5      | Reached skill level 1 in Fighting
  4966 | D:5      | Reached * piety under Vehumet
  4966 | D:5      | Offered knowledge of Freeze by Vehumet.
  4971 | D:5      | Reached skill level 1 in Armour
  5068 | D:5      | Found Jeoxt's Weapon Shoppe.
  5071 | D:5      | Bought a +2 flail of protection for 226 gold pieces
  5314 | D:5      | Found a glowing golden altar of the Shining One.
  5741 | D:6      | Found a glowing golden altar of the Shining One.
  6244 | D:7      | Found an iron altar of Okawaru.
  6282 | D:7      | Reached XP level 9. HP: 49/49 MP: 2/19
  6849 | D:8      | Reached ** piety under Vehumet
  6849 | D:8      | Offered knowledge of Throw Flame by Vehumet.
  6968 | D:8      | Noticed a two-headed ogre
  6984 | D:7      | Reached skill level 5 in Conjurations
  7586 | D:8      | Killed a two-headed ogre
  8152 | D:8      | Offered knowledge of Throw Frost by Vehumet.
  8248 | D:8      | Found a staircase to the Lair.
  8252 | D:8      | Reached XP level 10. HP: 56/56 MP: 8/21
  8307 | D:8      | Noticed Gastronok
  8322 | D:8      | Demolished by Gastronok

Skill      XL: |  1  2  3  4  5  6  7  8  9 |
---------------+----------------------------+-----
Earth Magic    | 4 5 6 7 |  7.6
Spellcasting   | 3 4 5 6 7 |  7.5
Conjurations   | 1 2 3 4 5 |  5.5
Evocations     | 1 2 3 |  3.0
Maces & Flails | 2 3 |  3.7
Fighting       | 2 4 |  4.0
Armour         | 2 3 |  3.3
Dodging        | 2 3 |  3.3
Stealth        | |  2.1
Transmutations | |  0.7

Action                   |  1- 3 |  4- 6 |  7- 9 | 10-12 || total
-------------------------+-------+-------+-------+-------++-------
Melee: Dagger            |     9 |    17 |       |       ||    26
       Mace              |       |    41 |     6 |       ||    47
       Flail             |       |       |    91 |     3 ||    94
 Cast: Sandblast         |    48 |    93 |   167 |     3 ||   311
       Stone Arrow       |       |     4 |   105 |     7 ||   116
  Use: Scroll            |       |    11 |    10 |       ||    21
 Stab: Sleeping          |     1 |       |       |       ||     1
  Eat: Chunk             |     2 |     6 |    14 |       ||    22
       Pizza             |       |     1 |     2 |       ||     3
Armor: Robe              |    19 |    47 |   144 |       ||   210
Dodge: Dodged            |    66 |    78 |   213 |     1 ||   358
